 Dungeon Crawl Stone Soup version 0.32-a0-953-g508020473e (webtiles) character file.

Game seed: 8721030207984002890

21316 Monkooky the Lord of Darkness (level 12, -10/93 HPs)
             Began as a Vampire Enchanter on Apr 15, 2024.
             Was the Champion of Kikubaaqudgha.
             Mangled by a seven-headed hydra (11 damage)
             ... on level 3 of the Lair of Beasts on Apr 16, 2024.
             The game lasted 01:00:57 (15842 turns).

Monkooky the Lord of Darkness (Vampire Enchanter)  Turns: 15842, Time: 01:00:58

Health: -10/93     AC: 10    Str:  7    XL:     12   Next: 53%
Magic:  10/26      EV: 11    Int: 28    God:    Kikubaaqudgha [******]
Gold:   412        SH:  0    Dex: 18    Spells: 2/31 levels left

rFire   . . .        D - +7 rapier "Jairgh" {drain, rC+ Dex+3}
rCold   + . .        (no shield)
rNeg    . . .        G - +0 steam dragon scales
rPois   .            A - +0 helmet
rElec   .            k - +0 cloak
rCorr   .            s - +2 pair of gloves
SInv    +            (no boots)
Will    +....        h - amulet of faith
Stlth   +++          L - ring of wizardry
HPRegen 0.55/turn    T - +6 ring of intelligence
MPRegen 0.20/turn

%: faith, wizardry (x1)
@: animating dead, healing quickly, studying Axes
A: alive, fangs 3, see invisible, vampiric 2
a: Exsanguinate, Renounce Religion, Unearth Wretches, Torment, Brand Weapon With
Pain, Receive Forbidden Knowledge


You were on level 3 of the Lair of Beasts.
You worshipped Kikubaaqudgha.
Kikubaaqudgha was exalted by your worship.
You visited 2 branches of the dungeon, and saw 13 of its levels.
You also visited: Ice Cave.

You collected 1164 gold pieces.
You spent 752 gold pieces at shops.

Inventory:

Hand Weapons
 a - a +1 dagger
 g - a +0 rapier
 j - the +5 dagger of the Bruised Scars {antimagic, rElec rF- rN+ rCorr}
   (You found it on level 3 of the Dungeon)

   rF-:       It makes you vulnerable to fire.
   rElec:     It insulates you from electricity.
   rN+:       It protects you from negative energy.
   rCorr:     It protects you from acid and corrosion.
 u - a +0 quarterstaff
 v - a +0 long sword
 D - the +7 rapier "Jairgh" (weapon) {drain, rC+ Dex+3}
   (You acquired it on level 6 of the Dungeon)

   Dex+3:     It affects your dexterity (+3).
   rC+:       It protects you from cold.
Armour
 b - a +0 robe
 k - a +0 cloak (worn)
 s - a +2 pair of gloves (worn)
 A - a +0 helmet (worn)
 C - +0 ice dragon scales
 G - +0 steam dragon scales (worn)
Jewellery
 h - an amulet of faith (around neck)
 o - a ring of flight
 L - a ring of wizardry (left hand)
 N - a ring of positive energy
 O - a ring of willpower
 P - the ring of Tesajaps {Ice rCorr Str+3 SInv}
   (You found it in an ice cave)

   [ring of ice]

   Ice:       It enhances your ice magic.
   Str+3:     It affects your strength (+3).
   rF-:       It makes you vulnerable to fire.
   rC+:       It protects you from cold.
   SInv:      It lets you see invisible.
   rCorr:     It protects you from acid and corrosion.
 Q - a +6 ring of intelligence
 R - an amulet of the acrobat
 S - a ring of positive energy
 T - a +6 ring of intelligence (right hand)
Wands
 n - a wand of mindburst (9)
 p - a wand of iceblast (6)
 r - a wand of flame (7) (quivered)
 E - a wand of paralysis (13)
 K - a wand of light (1)
Scrolls
 d - 6 scrolls of teleportation
 e - a scroll of brand weapon
 i - 3 scrolls of immolation
 l - 3 scrolls of noise
 q - 2 scrolls of poison
 t - 2 scrolls of fear
 w - 3 scrolls of blinking
 x - a scroll of revelation
 y - 3 scrolls of enchant weapon
 F - 5 scrolls of fog
 J - a scroll of enchant armour
 V - a scroll of silence
Potions
 c - 4 potions of invisibility
 f - 2 potions of lignification
 m - 2 potions of attraction
 z - a potion of enlightenment
 B - 2 potions of might
 H - 2 potions of ambrosia
 I - a potion of resistance
 M - a potion of heal wounds
Miscellaneous
 U - a phantom mirror


   Skills:
 - Level 8.3 Fighting
 + Level 4.2 Short Blades
 - Level 2.3 Armour
 - Level 2.1 Dodging
 - Level 4.6 Stealth
 - Level 10.1 Spellcasting
 - Level 11.5 Hexes
 - Level 12.4 Necromancy
 - Level 5.7 Earth Magic
 - Level 2.0 Evocations


You had 2 spell levels left.
You knew the following spells:

 Your Spells              Type           Power      Damage    Failure   Level
a - Ensorcelled Hibernat  Hex/Ice        92%        N/A       1%          2
b - Confusing Touch       Hex            68%        N/A       1%          3
c - Tukima's Dance        Hex            68%        N/A       1%          3
d - Vampiric Draining     Necr           71%        2d11      1%          3
e - Anguish               Hex/Necr       34%        N/A       1%          4
f - Animate Dead          Necr           71%        N/A       1%          4
g - Curse of Agony        Necr           71%        N/A       1%          5
h - Borgnjor's Vile Clut  Necr/Erth      30%        N/A       1%          5

Your spell library contained the following spells:

 Spells                   Type           Power      Damage    Failure   Level
 Necrotise                Necr           100%       1d9       1%          1
 Cigotuvi's Dreadful Rot  Necr/Alch/Air  74%        N/A       1%          2
 Jinxbite                 Hex            100%       N/A       1%          2
 Dazzling Flash           Conj/Hex       92%        N/A       1%          3
 Fugue of the Fallen      Necr           71%        N/A       1%          3
 Martyr's Knell           Necr/Summ      49%        N/A       1%          4
 Animate Armour           Summ/Erth      60%        N/A       4%          4
 Brom's Barrelling Bould  Conj/Erth      30%        2d5       4%          4
 Yara's Violent Unravell  Hex/Alch       23%        3d10      4%          5
 Enfeeble                 Hex            34%        N/A       12%         7
 Fireball                 Conj/Fire      7%         3d5       38%         5
 Iskenderun's Battlesphe  Conj           14%        2d7       38%         5
 Conjure Ball Lightning   Conj/Air       7%         3x3d6     91%         6
 Summon Cactus Giant      Summ           7%         N/A       91%         6
 Orb of Destruction       Conj           7%         9d6       100%        7


Dungeon Overview and Level Annotations

Branches:
Dungeon (10/15)            Temple (0/1) D:7            Lair (3/5) D:10
  Swamp (0/4) Lair:2        IceCv (visited)
  Snake: Lair:2-3    Spider: Lair:2-3       Orc: D:9-12

Altars:
Fedhas
Kikubaaqudgha
Makhleb
Nemelex Xobeh
Trog
Wu Jian

Shops:
D:1 ?   D:6 =*   D:7 :

Annotations:
D:3 1 runed translucent door, Arkalis's ghost, amateur DsHu
D:8 exclusion: downstairs
D:9 Harold
Lair:3 1 exclusion


Innate Abilities, Weirdness & Mutations

Your natural rate of healing is accelerated.
You have razor-sharp teeth.
You have supernaturally acute eyesight. (SInv)
You are afflicted with vampirism and can become a bat while bloodless.


Message History

The polar bear is wracked by anguish.
The polar bear barely misses you.
You puncture the five-headed hydra!
The five-headed hydra is severely wounded.
The polar bear bites you!
The polar bear is wracked by anguish!
The polar bear barely misses you.
The polar bear claws you but does no damage.
The five-headed hydra bites you but does no damage. x3
The five-headed hydra misses you.
The five-headed hydra closely misses you.
The seven-headed hydra bites you! x2; The seven-headed hydra bites you.
The seven-headed hydra barely misses you.
The seven-headed hydra bites you.
The seven-headed hydra bites you but does no damage.
The seven-headed hydra bites you!
Unknown command.
Unknown command.
You puncture the five-headed hydra!
The five-headed hydra is almost dead.
The polar bear bites you.
The polar bear is wracked by anguish.
The polar bear dies!
Kikubaaqudgha accepts your kill.
The dead are walking!
The five-headed hydra bites you but does no damage. x2
The five-headed hydra bites you!
The five-headed hydra is wracked by anguish!
The five-headed hydra bites you.
* * * LOW HITPOINT WARNING * * *
The five-headed hydra is wracked by anguish.
The five-headed hydra bites you but does no damage.
The seven-headed hydra closely misses you.
The seven-headed hydra bites you.
* * * LOW HITPOINT WARNING * * *
The seven-headed hydra bites you!
* * * LOW HITPOINT WARNING * * *
The seven-headed hydra bites you!
* * * LOW HITPOINT WARNING * * *
The seven-headed hydra barely misses you.
The seven-headed hydra bites you!
You die...
Kikubaaqudgha rasps: You have failed me!
Welcome... death!

...............
.#.....###...## ####..##
#..#.# # #....# #..###
####### # #...## #...#
....... ###Z..####..###
P......
##....#.....#.###.......
................DDl.....
...<............@.Z.....
#.##.###..#P.#P.###.#.##
###### ########## #


You could see a seven-headed hydra, a five-headed hydra (ally target,
anguished), a basilisk (anguished) and a friendly polar bear zombie.

Vanquished Creatures
  A white draconian (IceCv)
  Erica (Lair:2)
  An ugly thing (D:6)
  2 ice statues (IceCv)
  3 cane toads
  Maggie (D:8)
  4 rime drakes (IceCv)
  A komodo dragon (Lair:1)
  2 ice devils (Lair:2)
  A hornet (Lair:2)
  5 blink frogs
  Prince Ribbit (Lair:2)
  6 yaks
  A vampire (D:10)
  2 basilisks (Lair:2)
  A warg (D:10)
  3 vampire mosquitoes (D:10)
  3 steam dragons
  3 water moccasins
  2 nagas (Lair:3)
  An orc warrior (D:7)
  A black bear (D:6)
  2 ice beasts (D:8)
  2 sky beasts
  2 wolves (D:9)
  An ogre (D:7)
  2 centaurs
  A phantom (D:6)
  2 kobold brigands
  7 bullfrogs
  A scorpion (D:4)
  6 wights
  2 killer bees (D:10)
  2 lindwurm simulacra (IceCv)
  A howler monkey (D:8)
  3 hounds
  5 komodo dragon simulacra (IceCv)
  2 orc priests
  A bombardier beetle (D:7)
  A jelly (D:5)
  2 sleepcaps
  5 iguanas
  5 orc wizards
  7 acid dragon simulacra (IceCv)
  4 gnolls
  10 adders
  A shadow imp (D:6)
  A white imp (D:7)
  5 ufetubi
  7 steam dragon simulacra (IceCv)
  4 dart slugs
  27 orcs
  7 endoplasms
  3 giant cockroaches
  9 goblins
  8 hobgoblins
  5 jackals
  12 kobolds
  3 quokkas
  5 ball pythons
  9 bats
  3 frilled lizards
  4 rats
235 creatures vanquished.

Vanquished Creatures (collateral kills)
  A centaur warrior (D:10)
  A black mamba (Lair:1)
  2 cane toads (Lair:1)
  A komodo dragon (Lair:1)
  A polar bear (Lair:2)
  4 blink frogs
  9 yaks
  A steam dragon (D:9)
  Grum (D:9)
  A vampire mosquito (D:10)
  A naga (Lair:3)
  2 orc warriors
  5 wolves
  A centaur (D:9)
  A kobold brigand (D:9)
  5 wights
  4 killer bees (D:10)
  A jelly (D:8)
  A gnoll bouda (D:9)
  2 orc wizards
  7 gnolls
  6 orcs
58 creatures vanquished.

Vanquished Creatures (others)
  A swamp dragon (Lair:2)
  5 dancing weapons
  A kobold demonologist (D:10)
  2 blink frogs
  A polar bear (Lair:3)
  2 hornets
  2 yaks
  A steam dragon (D:6)
  A water moccasin (D:7)
  A black bear (D:7)
  An ice beast (D:6)
  An octopode zombie (Lair:2)
  An orc warrior (D:8)
  A human zombie (Lair:2)
  4 wolves
  3 blink frog zombies (Lair:2)
  2 kobold brigands (D:10)
  A gnoll sergeant (D:9)
  4 killer bees (D:10)
  4 wolf zombies (D:9)
  3 orc priests
  An orc wizard (D:9)
  6 killer bee zombies (D:10)
  A kobold zombie (D:10)
  A naga zombie (Lair:3)
  An adder (D:6)
  6 orc zombies
  3 orcs
  A bat zombie (D:6)
  2 gnoll zombies (D:9)
  A kobold (D:7)
65 creatures vanquished.

Grand Total: 358 creatures vanquished

Notes
Turn   | Place    | Note
-------+----------+-------------------------------------------
     0 | D:1      | Monkooky the Vampire Enchanter began the quest for the Orb.
     0 | D:1      | Reached XP level 1. HP: 13/13 MP: 3/3
   121 | D:1      | Reached skill level 5 in Hexes
   135 | D:1      | Found Ogaewnim's Magic Scroll Emporium.
   147 | D:1      | Bought a scroll of identify for 26 gold pieces
   336 | D:1      | Bought a scroll of immolation for 52 gold pieces
   368 | D:1      | Reached XP level 2. HP: 12/19 MP: 5/5
   371 | D:1      | Learned a level 2 spell: Ensorcelled Hibernation
   578 | D:1      | Reached skill level 1 in Fighting
   859 | D:1      | Gained mutation: You are afflicted with vampirism and can
                  | become a bat while bloodless. [Vampire growth]
   859 | D:1      | Reached XP level 3. HP: 26/26 MP: 6/6
   863 | D:1      | Learned a level 3 spell: Confusing Touch
  1634 | D:2      | Reached XP level 4. HP: 32/32 MP: 2/7
  1641 | D:2      | Learned a level 3 spell: Tukima's Dance
  1847 | D:2      | Found a faded altar of an unknown god.
  2075 | D:2      | Prayed at the altar of an unknown god.
  2075 | D:2      | Became a worshipper of Kikubaaqudgha
  2075 | D:2      | Reached * piety under Kikubaaqudgha
  2075 | D:2      | Received a gift from Kikubaaqudgha
  2146 | D:3      | Identified the +5 dagger of the Bruised Scars {antimagic,
                  | rElec rF- rN+ rCorr}
  2157 | D:3      | Found a runed translucent door.
  2200 | D:3      | Noticed Arkalis's ghost (amateur DsHu)
  2781 | D:3      | Reached XP level 5. HP: 37/37 MP: 10/10
  2785 | D:3      | Learned a level 3 spell: Vampiric Draining
  3134 | D:4      | Reached ** piety under Kikubaaqudgha
  3370 | D:4      | Reached skill level 2 in Necromancy
  3445 | D:4      | Reached skill level 3 in Necromancy
  3590 | D:4      | You fall into a shaft and drop 1 floor!
  3590 | D:5      | Entered Level 5 of the Dungeon
  3715 | D:5      | Noticed a sky beast
  3835 | D:1      | Bought a scroll of blinking for 97 gold pieces
  4065 | D:5      | Reached skill level 4 in Necromancy
  4065 | D:5      | Reached XP level 6. HP: 43/43 MP: 8/11
  4288 | D:1      | Bought a scroll of enchant weapon for 97 gold pieces
  4520 | D:5      | Found a bloodstained altar of Trog.
  4589 | D:5      | Upgraded the game from 0.32-a0-938-g40ac7a0f4d to
                  | 0.32-a0-953-g508020473e
  4808 | D:5      | Reached skill level 5 in Necromancy
  5001 | D:6      | Reached XP level 7. HP: 46/48 MP: 5/12
  5130 | D:6      | Found Vopsem's General Store.
  5305 | D:6      | Found Plog's Jewellery Emporium.
  5592 | D:6      | Reached skill level 5 in Spellcasting
  5726 | D:6      | Noticed a steam dragon
  5736 | D:6      | Learned a level 4 spell: Anguish
  5887 | D:6      | Reached skill level 6 in Necromancy
  6400 | D:7      | Reached XP level 8. HP: 54/54 MP: 15/15
  6591 | D:7      | Reached *** piety under Kikubaaqudgha
  6591 | D:7      | Received a gift from Kikubaaqudgha
  6598 | D:7      | Reached skill level 7 in Necromancy
  6713 | D:7      | Noticed a hornet
  6796 | D:7      | Found a sparkling altar of Nemelex Xobeh.
  6982 | D:7      | Found Zuett's Book Emporium.
  7484 | D:7      | Found a staircase to the Ecumenical Temple.
  7820 | D:6      | Reached XP level 9. HP: 64/64 MP: 3/19
  8065 | D:6      | Learned a level 4 spell: Animate Dead
  8091 | D:6      | Identified a scroll of acquirement
  8092 | D:6      | Acquired the +7 rapier "Jairgh" {drain, rC+ Dex+3}
  8185 | D:6      | Reached skill level 5 in Fighting
  8227 | D:6      | Noticed a green ugly thing
  8247 | D:6      | Killed a green ugly thing
  8590 | D:7      | Paralysed by a hornet for 2 turns
  8885 | D:8      | Noticed Maggie
  8892 | D:8      | Killed Maggie
  9121 | D:8      | Reached **** piety under Kikubaaqudgha
  9124 | D:8      | Reached XP level 10. HP: 54/80 MP: 0/20
  9457 | D:8      | Found a blossoming altar of Fedhas.
  9457 | D:8      | Found an ornate altar of the Wu Jian Council.
  9644 | D:8      | Found a burning altar of Makhleb.
 10080 | D:9      | Noticed Grum
 10090 | D:9      | Reached skill level 8 in Necromancy
 10092 | D:9      | Killed Grum
 10295 | D:9      | Reached skill level 10 in Hexes
 10298 | D:9      | Reached ***** piety under Kikubaaqudgha
 10299 | D:9      | Reached skill level 9 in Necromancy
 10319 | D:9      | Noticed Harold
 10594 | D:10     | Entered Level 10 of the Dungeon
 10626 | D:10     | Noticed a sun demon
 10634 | D:10     | Noticed a rust devil
 10956 | D:10     | Reached skill level 10 in Necromancy
 11114 | D:10     | Noticed a centaur warrior
 11125 | D:10     | Killed a centaur warrior
 11182 | D:10     | Reached XP level 11. HP: 75/86 MP: 14/21
 11343 | D:10     | Found a staircase to the Lair.
 12049 | Lair:1   | Entered Level 1 of the Lair of Beasts
 12256 | Lair:1   | Learned a level 5 spell: Curse of Agony
 12688 | Lair:1   | Reached skill level 10 in Spellcasting
 12694 | Lair:1   | Learned a level 5 spell: Borgnjor's Vile Clutch
 12808 | Lair:1   | Reached skill level 1 in Earth Magic
 13045 | Lair:2   | Noticed Erica
 13050 | Lair:2   | Noticed Prince Ribbit
 13054 | Lair:2   | Killed Erica
 13058 | Lair:2   | Killed Prince Ribbit
 13171 | Lair:2   | Reached skill level 5 in Earth Magic
 13174 | Lair:2   | Reached skill level 11 in Necromancy
 13177 | Lair:2   | Your ally Prince Ribbit died
 13180 | Lair:2   | Reached XP level 12. HP: 89/93 MP: 14/26
 13342 | Lair:2   | Reached skill level 12 in Necromancy
 13437 | Lair:2   | Found a frozen archway.
 13443 | Lair:2   | Your ally Erica died
 13466 | IceCv    | Entered an ice cave
 13767 | IceCv    | Reached skill level 1 in Armour
 14089 | IceCv    | Reached ****** piety under Kikubaaqudgha
 14179 | IceCv    | Got the Book of the Earthen Legion
 14213 | IceCv    | Noticed a white draconian
 14226 | IceCv    | Killed a white draconian
 14306 | IceCv    | Identified the ring of Tesajaps {Ice rCorr Str+3 SInv}
 14861 | Lair:2   | Found a burning altar of Makhleb.
 14974 | D:6      | Bought a phantom mirror for 480 gold pieces
 15193 | Lair:2   | Found a staircase to the Swamp.
 15286 | Lair:2   | Reached skill level 1 in Evocations
 15640 | Lair:3   | Noticed a six-headed hydra
 15828 | Lair:3   | Noticed a five-headed hydra
 15835 | Lair:3   | Noticed a seven-headed hydra
 15842 | Lair:3   | HP: 1/93 [seven-headed hydra (9)]
 15842 | Lair:3   | Mangled by a seven-headed hydra

Illustrated notes

Levels and vault maps discovered:
D:1:      minmay_arrival_wavy_path, layout_loops_ring, serial_shops, shop,
          grunt_decor_resistance
D:2:      layout_loops_ring, hellmonk_ecumenical_altar_prayer_group,
          minmay_strange_pillars, chequers_avenue
D:3:      layout_loops_ring, ebering_ghost_sewer_d
D:4:      layout_cave_pools
D:5:      layout_basic, lemuel_crystal_altar
D:6:      kennysheep_windowed_halls, layout_cave_pools, serial_shops, shop,
          nicolae_take_the_stairs
D:7:      layout_basic, nemelex_dance_club_becter,
          minmay_temple_entry_antechambers, serial_shops, kennysheep_little_box
D:8:      layout_loops_corners, nicolae_overflow_hidden_temple,
          gammafunk_temple_overflow_wave, uniq_maggie
D:9:      layout_cave_pools, uniq_grum, uniq_harold
D:10:     layout_loops_ring, erik_lair_orcish_takeover, serial_park_tiny_1,
          nicolae_zig_zag_zippers
Lair:1:   layout_cellular_growth, pdpol_lair_neglected_garden
Lair:2:   layout_gridlike, mainiacjoe_swamp_entry_lozenge_pond,
          portal_ice_cave_demonic_guard, basic_altar, uniq_prince_ribbit2,
          uniq_erica
Lair:3:   nzn_winding_woodlands_cross [nzn_winding_woodlands_5x15_concentric,
          nzn_winding_woodlands_5x15_pool, nzn_winding_woodlands_5x15_garden,
          nzn_winding_woodlands_5x15_sidewinder,
          nzn_winding_woodlands_15x15_boxy_spiral], layout_small_grid,
          alex1729_snake_entry_snake, beast_lair_carwin_4,
          infiniplex_staircase_pool

Skill      XL: |  1  2  3  4  5  6  7  8  9 10 11 12 |
---------------+-------------------------------------+-----
Hexes          | 5 7 8 11 | 11.5
Fighting       | 1 3 8 |  8.3
Spellcasting   | 3 5 6 10 | 10.1
Necromancy     | 4 5 6 7 10 11 12 | 12.4
Earth Magic    | 5 |  5.7
Short Blades   | 4 |  4.2
Armour         | 2 |  2.3
Evocations     | 2 |  2.0
Dodging        | |  2.1
Stealth        | |  4.6

Action                     |  1- 3 |  4- 6 |  7- 9 | 10-12 || total
---------------------------+-------+-------+-------+-------++-------
  Melee: Dagger            |    90 |   142 |   195 |       ||   427
         Bite              |     3 |    16 |    34 |    55 ||   108
         Rapier            |       |       |    34 |   300 ||   334
   Cast: Ensorcelled Hiber |    17 |    26 |     5 |     1 ||    49
         Confusing Touch   |     1 |     5 |     4 |     2 ||    12
         Tukima's Dance    |       |     8 |     8 |    13 ||    29
         Vampiric Draining |       |     7 |    51 |    35 ||    93
         Anguish           |       |       |    13 |    33 ||    46
         Animate Dead      |       |       |     2 |    12 ||    14
         Curse of Agony    |       |       |       |    13 ||    13
         Borgnjor's Vile C |       |       |       |     6 ||     6
 Invoke: Unearth Wretches  |       |       |     1 |       ||     1
  Evoke: Wand              |       |       |     5 |    45 ||    50
    Use: Scroll            |     3 |     5 |     7 |     8 ||    23
         Potion            |       |       |     2 |     1 ||     3
   Stab: Sleeping          |    22 |    30 |     9 |     3 ||    64
         Confused          |       |     4 |     2 |     5 ||    11
         Distracted        |       |       |     2 |     5 ||     7
         Paralysed         |       |       |     2 |     1 ||     3
 Armour: Robe              |    45 |    77 |   203 |       ||   325
         Steam dragon scal |       |       |    61 |   295 ||   356
         Skin              |       |       |     1 |       ||     1
         Ice dragon scales |       |       |       |   160 ||   160
  Dodge: Dodged            |    67 |    95 |   179 |   206 ||   547

Table legend: (Time is in decaauts)
 A = Elapsed time spent in this place.
 B = Non-inter-level travel time spent in this place.
 C = Inter-level travel time spent in this place.
 D = Time resting spent in this place.
 E = Time spent auto-exploring this place.
 F = Levels seen in this place.
 G = Mean time per level.
                   A        B        C        D        E       F      G
               +--------+--------+--------+--------+--------+-----+--------+
         Total |  15856 |  14520 |   1336 |   2994 |   8300 |  14 | 1132.6 |
       Dungeon |  12230 |  11065 |   1165 |   1871 |   6900 |  10 | 1223.0 |
          Lair |   2422 |   2252 |    170 |    459 |   1190 |   3 |  807.3 |
      Ice Cave |   1203 |   1203 |      0 |    664 |    210 |   1 | 1203.0 |
               +--------+--------+--------+--------+--------+-----+--------+

Top non-repeatable levels by time:
     D:6: 2117 daAuts
    D:10: 1502 daAuts
     D:8: 1449 daAuts
     D:7: 1445 daAuts
  Lair:2: 1242 daAuts
   IceCv: 1203 daAuts
     D:5: 1175 daAuts
     D:2: 1166 daAuts
     D:1: 1107 daAuts
     D:3: 1091 daAuts
  Lair:1: 979 daAuts
     D:4: 653 daAuts
     D:9: 521 daAuts
  Lair:3: 201 daAuts
